 Dungeon Crawl Stone Soup version 0.30-a0-1082-g70414cbcbb (webtiles) character file.

Game seed: 5696550544928819831

37788 kae the Severer (level 13, -9/116 HPs)
             Began as a Hill Orc Fighter on Apr 15, 2023.
             Was a High Priest of Qazlal.
             Mangled by a 16-headed hydra (10 damage)
             ... on level 3 of the Lair of Beasts.
             The game lasted 00:12:00 (16624 turns).

kae the Severer (Hill Orc Fighter)                 Turns: 16624, Time: 00:12:00

Health: -9/116     AC: 20    Str: 30    XL:     13   Next: 98%
Magic:  22/22      EV: 15    Int:  8    God:    Qazlal [*****.]
Gold:   415        SH: 12    Dex: 18    Spells: 12/12 levels left

rFire   . . .      SeeInvis .    L - +1 battleaxe
rCold   . . .      Faith    .    (shield currently unavailable)
rNeg    . . .      Spirit   .    b - +0 scale mail
rPois   .          Reflect  +    B - +1 helmet
rElec   .          Rampage  .    x - +2 cloak
rCorr   +                        (no gloves)
Will    .....                    z - +1 pair of boots of the Devil {rCorr Dex+2} Stlth
                                 u - amulet of reflection
HPRegen 0.39/turn                D - +6 ring of dexterity
MPRegen 0.18/turn                S - +6 ring of strength

@: protected from physical damage, studying Axes, repel missiles
A: no striking features
a: Renounce Religion, Upheaval, Elemental Force, Disaster Area


You were on level 3 of the Lair of Beasts.
You worshipped Qazlal.
Qazlal was extremely pleased with you.
You visited 3 branches of the dungeon, and saw 15 of its levels.
You also visited: Sewer.

You collected 741 gold pieces.
You spent 326 gold pieces at shops.


   Skills:
 + Level 11.3 Fighting
 - Level 20.0 Axes
 + Level 12.1 Armour
 - Level 8.0 Dodging
 - Level 3.2 Shields
 - Level 12.2 Invocations


You had 12 spell levels left.
You didn't know any spells.
Your spell library contained the following spells:

 Spells                   Type           Power      Damage    Failure   Level
 Freeze                   Ice            0%         1d3       58%         1
 Sandblast                Erth           0%         2d4       58%         1
 Summon Small Mammal      Summ           0%         N/A       58%         1
 Ensorcelled Hibernation  Hex/Ice        0%         N/A       75%         2
 Passwall                 Tmut/Erth      0%         N/A       75%         2
 Poisonous Vapours        Pois/Air       0%         N/A       75%         2
 Call Canine Familiar     Summ           0%         N/A       92%         3
 Frozen Ramparts          Ice            0%         1d1       92%         3
 Hailstorm                Conj/Ice       0%         3d3       92%         3
 Mephitic Cloud           Conj/Pois/Air  0%         N/A       92%         3
 Spider Form              Tmut/Pois      0%         N/A       92%         3
 Stone Arrow              Conj/Erth      0%         3d7       92%         3
 Summon Guardian Golem    Hex/Summ       0%         N/A       92%         3
 Volatile Blastmotes      Fire/Tloc      0%         2d10      92%         3
 Anguish                  Hex/Necr       0%         N/A       100%        4
 Fulminant Prism          Conj/Hex       0%         3d5       100%        4
 Ice Form                 Ice/Tmut       0%         N/A       100%        4
 Iskenderun's Mystic Bla  Conj/Tloc      0%         2d3       100%        4
 Summon Lightning Spire   Summ/Air       0%         N/A       100%        4
 Freezing Cloud           Conj/Ice/Air   0%         6-21      100%        5
 Lee's Rapid Deconstruct  Erth           0%         3d4*      100%        5
 Simulacrum               Ice/Necr       0%         N/A       100%        6
 Storm Form               Tmut/Air       0%         N/A       100%        7
 Maxwell's Capacitive Co  Air            0%         ∞         100%        8
 Chain Lightning          Conj/Air       0%         N/A       100%        9
 Fire Storm               Conj/Fire      0%         5d1       100%        9
 Shatter                  Erth           0%         3d5*      100%        9

Inventory:

Hand Weapons
 a - a +4 war axe
 L - a +1 battleaxe (weapon)
   (You took it off an orc warrior on level 9 of the Dungeon)
Missiles
 d - 275 stones (quivered)
 h - 7 curare-tipped darts {=f}
 l - 74 poisoned darts
 m - 2 throwing nets {=f!f}
 F - 9 boomerangs
 N - 6 javelins
Armour
 b - a +0 scale mail (worn)
 c - a +0 buckler
 x - a +2 cloak (worn)
   (You took it off Crazy Yiuf on level 5 of the Dungeon)
 z - the +1 pair of boots of the Devil (worn) {rCorr Dex+2}
   (You bought it in a shop on level 7 of the Dungeon)

   Dex:       It affects your dexterity (+2).
   rCorr:     It protects you from acid and corrosion.
 B - a +1 helmet (worn)
   (You found it on level 7 of the Dungeon)
Jewellery
 i - a +6 ring of intelligence
   (You found it on level 1 of the Lair of Beasts)
 u - an amulet of reflection (around neck)
   (You found it on level 7 of the Dungeon)
 A - an amulet of the acrobat
   (You found it on level 6 of the Dungeon)
 C - a ring of ice
   (You took it off Fannar on level 3 of the Lair of Beasts)
 D - a +6 ring of dexterity (left hand)
   (You found it on level 10 of the Dungeon)
 I - a +6 ring of intelligence
   (You found it on level 1 of the Dungeon)
 S - a +6 ring of strength (right hand)
   (You took it off a kobold on level 9 of the Dungeon)
 W - a ring of magical power
   (You found it on level 9 of the Dungeon)
Wands
 k - a wand of flame (5)
   (You found it on level 5 of the Dungeon)
 r - a wand of digging (6)
   (You found it on level 4 of the Dungeon)
 y - a wand of paralysis (4)
   (You found it on level 6 of the Dungeon)
 H - a wand of mindburst (9)
   (You found it on level 8 of the Dungeon)
 J - a wand of polymorph (13)
   (You found it on level 8 of the Dungeon)
Scrolls
 s - 2 scrolls of magic mapping {!r}
 E - 2 scrolls of blinking {!r}
 G - 2 scrolls of immolation {!r!r}
 M - a scroll of vulnerability {!r!r}
 P - a scroll of identify {@r1}
 R - 2 scrolls of fear
 T - 3 scrolls of teleportation {@r4}
Potions
 e - 4 potions of lignification {!q}
 f - 13 potions of degeneration {!q}
 g - 2 potions of resistance
 j - 5 potions of invisibility
 n - 3 potions of heal wounds {@q2}
 o - 2 potions of cancellation {unknown}
 p - 3 potions of haste {@q3}
 q - 2 potions of brilliance {unknown}
 t - 2 potions of mutation {!q}
 v - a potion of attraction {!q}
 w - 3 potions of curing {@q1}
 K - 2 potions of flight {unknown}
 O - 2 potions of ambrosia {unknown}
Miscellaneous
 Q - a box of beasts
   (You found it on level 11 of the Dungeon)

Dungeon Overview and Level Annotations

Branches:
Dungeon (11/15) Zot: 25778  Temple (1/1) D:4 Zot: 5973    Lair (3/5) D:11 Zot: 15099
 Shoals (0/4) Lair:2          Orc (0/2) D:11          Sewer (visited)
  Snake: Lair:2-3    Spider: Lair:2-3

Altars:
Ashenzari
Cheibriados
Dithmenos
Fedhas
Gozag
Makhleb
Nemelex Xobeh
Okawaru
Qazlal
Ru
Sif Muna
Trog
Uskayaw
Vehumet
Wu Jian
Yredelemnul
The Shining One
Jiyva

Shops:
D:7 !*=[

Annotations:
D:6 1 runed translucent door, kae's ghost, novice DsTm
D:11 3 runed translucent doors, hackum's ghost, journeyman OpGl
Lair:1 2 transporters, kae's ghost, journeyman HOFi
Lair:2 3 runed translucent doors, makewrite's ghost, journeyman HOMo

......... ......# ... ♣..
.....## ....# ♣♣♣♣♣♣...
......###...#.#♣..........
...#####....##...........#
...##†.....##........P...
.....#...# #..........P#
.........####.☼○YDY....#
.......#....#...@.##..##
............#.§.###....#
..............○.P##....#
.................#...######
...............#.....# ##.##
..............##....####...#
.............##....###...P##
......##.#.#.#....####...##
.....######.......##.P..##


You could see a 16-headed hydra and 2 yaks.


Message History

You barely miss the 11-headed hydra. You closely miss the cane toad.
The 11-headed hydra bites you but does no damage.
The 11-headed hydra misses you. You block the 11-headed hydra's attack.
The 11-headed hydra misses you. You block the 11-headed hydra's attack.
The 11-headed hydra bites you!
The 11-headed hydra bites you but does no damage. x3
You block the 11-headed hydra's attack.
The 11-headed hydra bites you but does no damage. 😮 HP[-7]
You take 7 damage, and now have 76/116 hp.
You chop one of the 11-headed hydra's heads off!
The ten-headed hydra grows two more!
You slash the 12-headed hydra! You slash the cane toad!
You kill the cane toad!
Qazlal accepts your kill.
A yak comes into view.
The 12-headed hydra closely misses you.
The 12-headed hydra bites you but does no damage.
The 12-headed hydra barely misses you.
The 12-headed hydra bites you but does no damage. x3
The 12-headed hydra misses you. You block the 12-headed hydra's attack.
The 12-headed hydra bites you but does no damage. x3
The 12-headed hydra misses you.
Unknown command.
You completely miss the 12-headed hydra.
Unknown command.
You slice one of the 12-headed hydra's heads off!
The 11-headed hydra grows two more!
You slice the 13-headed hydra!! The 13-headed hydra misses you.
The 13-headed hydra bites you!
You feel more protected from physical attacks.
The 13-headed hydra bites you but does no damage.
You block the 13-headed hydra's attack. The 13-headed hydra bites you!
* * * LOW HITPOINT WARNING * * *
The 13-headed hydra bites you but does no damage. x2
The 13-headed hydra barely misses you. You block the 13-headed hydra's attack.
The 13-headed hydra misses you. You block the 13-headed hydra's attack.
The 13-headed hydra bites you but does no damage.
The 13-headed hydra completely misses you. 😨 HP[-18]
You take 18 damage, and now have 58/116 hp.
Unknown command.
You hit the 13-headed hydra.
The 13-headed hydra barely misses you. x2
You block the 13-headed hydra's attack. x2
The 13-headed hydra bites you but does no damage.
You block the 13-headed hydra's attack.
The 13-headed hydra completely misses you.
The 13-headed hydra closely misses you. The 13-headed hydra bites you!
* * * LOW HITPOINT WARNING * * *
The 13-headed hydra closely misses you. You block the 13-headed hydra's attack.
The 13-headed hydra bites you but does no damage. x2 😨 HP[-8]
You take 8 damage, and now have 50/116 hp.
Unknown command.
You barely miss the 13-headed hydra. The 13-headed hydra misses you.
The 13-headed hydra bites you but does no damage. x2
The 13-headed hydra bites you.
* * * LOW HITPOINT WARNING * * *
The 13-headed hydra bites you but does no damage. x2
The 13-headed hydra closely misses you. The 13-headed hydra misses you.
You block the 13-headed hydra's attack.
The 13-headed hydra bites you but does no damage.
The 13-headed hydra barely misses you. You block the 13-headed hydra's attack.
The 13-headed hydra bites you.
* * * LOW HITPOINT WARNING * * *
😨 HP[-11]
You take 11 damage, and now have 39/116 hp.
Unknown command.
You hack one of the 13-headed hydra's heads off!
The 12-headed hydra grows two more!
You slash the 14-headed hydra!
Unknown command.
You slice one of the 14-headed hydra's heads off!
The 13-headed hydra grows two more!
You hit the 15-headed hydra. You block the 15-headed hydra's attack.
The 15-headed hydra closely misses you.
The 15-headed hydra bites you but does no damage. x3
You block the 15-headed hydra's attack. The 15-headed hydra closely misses you.
The 15-headed hydra misses you. x2; The 15-headed hydra closely misses you.
The 15-headed hydra bites you.
* * * LOW HITPOINT WARNING * * *
You feel more protected from physical attacks.
You block the 15-headed hydra's attack.
The 15-headed hydra bites you but does no damage.
The 15-headed hydra barely misses you.
You block the 15-headed hydra's attack. 😨 HP[-4]
You take 4 damage, and now have 35/116 hp.
Unknown command.
You chop one of the 15-headed hydra's heads off!
The 14-headed hydra grows two more!
You slash the 16-headed hydra!
The 16-headed hydra bites you but does no damage.
The 16-headed hydra misses you. The 16-headed hydra bites you!
* * * LOW HITPOINT WARNING * * *
The 16-headed hydra bites you but does no damage.
The 16-headed hydra bites you!
* * * LOW HITPOINT WARNING * * *
You block the 16-headed hydra's attack. x2; The 16-headed hydra bites you.
* * * LOW HITPOINT WARNING * * *
You feel more protected from physical attacks.
The 16-headed hydra bites you!
* * * LOW HITPOINT WARNING * * *
The 16-headed hydra bites you!
You die...

Skill      XL: |  1  2  3  4  5  6  7  8  9 10 11 12 13 |
---------------+----------------------------------------+-----
Axes           | 3 4 5 8 9 11 14 16 20 | 20.0
Invocations    | 2 6 12 | 12.2
Fighting       | 9 10 11 | 11.3
Armour         | 10 11 12 | 12.1
Dodging        | 3 6 8 |  8.0
Shields        | |  3.2

Action                     |  1- 3 |  4- 6 |  7- 9 | 10-12 | 13-15 || total
---------------------------+-------+-------+-------+-------+-------++-------
  Melee: War axe           |    94 |   112 |   378 |   334 |       ||   918
         Battleaxe         |       |       |       |    89 |   161 ||   250
 Invoke: Upheaval          |       |       |     2 |     4 |     1 ||     7
    Use: Potion            |       |     1 |       |     2 |       ||     3
         Scroll            |       |     5 |    12 |    11 |       ||    28
 Armour: Scale mail        |    36 |    45 |   120 |   112 |    62 ||   375
  Dodge: Dodged            |    37 |    37 |   139 |   106 |    95 ||   414
         Repelled          |       |       |       |     7 |     3 ||    10
  Block: Buckler           |    19 |    26 |   108 |   178 |       ||   331
         Reflection        |       |       |       |    12 |       ||    12
         Other             |       |       |       |    24 |    92 ||   116

Levels and vault maps discovered:
D:1:      dpeg_chamrin_arrival_tetris, layout_basic
D:2:      layout_basic, shapermc_ecumenical_altar_mp_ritualfount, uniq_sigmund,
          uniq_terence
D:3:      layout_loops_cross
D:4:      minmay_goblin_kobold_castle, layout_cave_pods,
          minmay_temple_entry_antechambers, cheibrodos_sewer_entry_sluice,
          nicolae_figureground_pulse
D:5:      layout_layer_cave, uniq_crazy_yiuf_cottage, uniq_blork_the_orc
D:6:      layout_gridville, chequers_temple_overflow_minitemple,
          ebering_ghost_reflecting_pool
D:7:      layout_basic, chequers_serial_rivers_large_a,
          dreamdust_mushroom_princess, minivault_5, kennysheep_path_1,
          minmay_shop_grid_forest, feat_on_display
D:8:      layout_basic, mainiacjoe_overflow_chevrons,
          mainiacjoe_overflow_surrounded_room, chequers_garden,
          grunt_ministairs_13, uniq_erica
D:9:      nicolae_cairo_tiling_large, layout_basic,
          mainiacjoe_overflow_24_doors, uniq_joseph
D:10:     layout_loops_ring, minivault_26
D:11:     layout_cross, erik_lair_orcish_takeover, erik_orc_1,
          maelrawn_ghost_gauntlet_escape
Temple:   zaba_magenta_temple
Lair:1:   wander_river, layout_chaotic_city, gammafunk_ghost_arena,
          uniq_nergalle
Lair:2:   layout_regular_city, minmay_shoals_entry_lonely_mermaid,
          gammafunk_ghost_ooze, dreamdust_gnoll_shepherd
Lair:3:   layout_hall_layers, guppyfry_snake_entry_island,
          pdpol_lair_cabin_in_the_woods, uniq_fannar, uniq_snorg

Notes
Turn   | Place    | Note
-------+----------+-------------------------------------------
     0 | D:1      | kae the Hill Orc Fighter began the quest for the Orb.
     0 | D:1      | Reached XP level 1. HP: 19/19 MP: 1/1
     0 | D:1      | magus.rc [v1.11.3]
    30 | D:1      | Reached skill level 3 in Axes
   160 | D:1      | Reached XP level 2. HP: 26/26 MP: 2/2
   238 | D:1      | Reached skill level 4 in Axes
   492 | D:1      | Reached XP level 3. HP: 23/31 MP: 3/3
   750 | D:2      | Reached skill level 5 in Axes
   848 | D:2      | Reached XP level 4. HP: 28/39 MP: 4/4
   957 | D:2      | Reached skill level 6 in Axes
   993 | D:2      | You pick up a book of Geomancy and begin reading...
   993 | D:2      | You add the spells Sandblast, Passwall and Stone Arrow to
                  | your library.
  1039 | D:2      | You pick up a book of Annihilations and begin reading...
  1039 | D:2      | You add the spells Chain Lightning, Fire Storm and Shatter
                  | to your library.
  1043 | D:2      | You pick up a book of Blasting and begin reading...
  1043 | D:2      | You add the spells Volatile Blastmotes, Fulminant Prism,
                  | Iskenderun's Mystic Blast and Lee's Rapid Deconstruction to
                  | your library.
  1083 | D:2      | Noticed Sigmund
  1095 | D:2      | Killed Sigmund
  1096 | D:2      | Reached skill level 8 in Axes
  1096 | D:2      | Reached XP level 5. HP: 26/45 MP: 5/5
  1096 | D:2      | Reached XP level 6. HP: 30/51 MP: 6/6
  1251 | D:2      | Noticed Terence
  1257 | D:2      | Killed Terence
  1397 | D:2      | Found a faded altar of an unknown god.
  2178 | D:4      | Reached skill level 9 in Axes
  2295 | D:4      | Found a staircase to the Ecumenical Temple.
  2308 | Temple   | Entered the Ecumenical Temple
  2321 | Temple   | Became a worshipper of Qazlal Stormbringer
  2404 | D:4      | Found a glowing drain.
  2421 | Sewer    | Entered a sewer
  2472 | Sewer    | Reached XP level 7. HP: 45/57 MP: 7/7
  2576 | Sewer    | Reached skill level 10 in Axes
  2704 | Sewer    | Reached * piety under Qazlal
  2953 | Sewer    | Reached skill level 11 in Axes
  3398 | D:4      | Reached ** piety under Qazlal
  3415 | D:4      | HP: 12/57 [kobold brigand/+0 short sword (5)]
  3416 | D:4      | Reached skill level 1 in Invocations
  3416 | D:4      | HP: 1/57 [kobold brigand/+0 short sword (5)]
  3418 | D:4      | Reached skill level 2 in Invocations
  3418 | D:4      | Reached XP level 8. HP: 2/64 MP: 7/9
  3664 | D:4      | Reached skill level 3 in Invocations
  3966 | D:4      | Reached skill level 4 in Invocations
  3975 | D:4      | Reached skill level 12 in Axes
  3976 | D:4      | Reached *** piety under Qazlal
  4683 | D:5      | Entered Level 5 of the Dungeon
  4684 | D:5      | Identified a scroll of acquirement
  4684 | D:5      | Acquired a manual of Axes
  4773 | D:5      | HP: 13/64 [poisoned by a gnoll]
  4778 | D:5      | HP: 6/64 [poisoned by a gnoll]
  5050 | D:5      | Reached skill level 5 in Invocations
  5103 | D:5      | Noticed Blork the orc
  5118 | D:5      | Killed Blork the orc
  5354 | D:5      | Reached skill level 13 in Axes
  5540 | D:5      | Reached skill level 6 in Invocations
  5542 | D:5      | HP: 16/64 [poisoned by a water moccasin]
  5547 | D:5      | HP: 11/64 [poisoned by a water moccasin]
  5771 | D:5      | Found a runed translucent door.
  5772 | D:5      | Noticed Crazy Yiuf
  6048 | D:5      | Killed Crazy Yiuf
  6237 | D:6      | Reached skill level 14 in Axes
  6237 | D:6      | Reached XP level 9. HP: 55/70 MP: 13/13
  6334 | D:6      | Reached skill level 15 in Axes
  6840 | D:6      | Found a runed translucent door.
  6840 | D:6      | Noticed kae's ghost (novice DsTm)
  6878 | D:6      | Reached skill level 16 in Axes
  6881 | D:6      | Reached skill level 4 in Fighting
  6886 | D:6      | Reached skill level 5 in Fighting
  7144 | D:6      | Reached skill level 6 in Fighting
  7302 | D:6      | Reached skill level 7 in Fighting
  7324 | D:6      | Found a radiant altar of Vehumet.
  7324 | D:6      | Found a basalt altar of Yredelemnul.
  7330 | D:6      | Found an opulent altar of Gozag.
  7332 | D:6      | Found an ornate altar of the Wu Jian Council.
  7334 | D:6      | Found an iron altar of Okawaru.
  7725 | D:7      | Reached skill level 8 in Fighting
  7732 | D:7      | Reached **** piety under Qazlal
  7835 | D:7      | Reached skill level 9 in Fighting
  7906 | D:7      | Reached XP level 10. HP: 86/91 MP: 14/14
  7907 | D:7      | Found Fusuot's Distillery.
  7907 | D:7      | Found Awatt's Assorted Antiques.
  7931 | D:7      | Found Qeul's Armour Shoppe.
  7934 | D:7      | Bought a potion of curing for 39 gold pieces
  7935 | D:7      | Found Qoappao's Jewellery Shoppe.
  8055 | D:7      | Bought a pair of smoking boots for 237 gold pieces
  8055 | D:7      | Identified the +1 pair of boots of the Devil {rCorr Dex+2}
                  | (You bought it in a shop on level 7 of the Dungeon)
  8055 | D:7      | Bought a scroll of identify for 50 gold pieces
  8854 | D:8      | Reached skill level 10 in Fighting
  8861 | D:8      | Noticed Erica
  8873 | D:8      | Killed Erica
  8874 | D:8      | Reached skill level 5 in Armour
  9209 | D:8      | Found a broken altar of Ashenzari.
  9222 | D:8      | Reached skill level 6 in Armour
  9281 | D:8      | You pick up a book of Callings and begin reading...
  9281 | D:8      | You add the spells Summon Small Mammal, Call Canine
                  | Familiar and Summon Guardian Golem to your library.
  9593 | D:8      | Reached skill level 7 in Armour
  9885 | D:8      | Found a hide-covered altar of Uskayaw.
 10366 | D:9      | Reached skill level 8 in Armour
 10518 | D:9      | You pick up a book of the Sky and begin reading...
 10518 | D:9      | You add the spells Summon Lightning Spire, Storm Form and
                  | Maxwell's Capacitive Coupling to your library.
 10845 | D:9      | Reached skill level 9 in Armour
 10847 | D:9      | Paralysed by a hornet for 1 turns
 10857 | D:9      | Paralysed by a hornet for 3 turns
 10859 | D:9      | HP: 22/93 [hornet (11)]
 10860 | D:9      | HP: 10/93 [hornet (9)]
 11065 | D:9      | Noticed Joseph
 11078 | D:9      | Killed Joseph
 11079 | D:9      | Reached skill level 10 in Armour
 11079 | D:9      | Reached XP level 11. HP: 90/99 MP: 15/15
 11198 | D:9      | Found a burning altar of Makhleb.
 11466 | D:9      | You pick up a book of Vapours and begin reading...
 11466 | D:9      | You add the spells Poisonous Vapours, Mephitic Cloud and
                  | Freezing Cloud to your library.
 11637 | D:10     | Entered Level 10 of the Dungeon
 11666 | D:10     | Reached skill level 11 in Armour
 11905 | D:10     | You pick up a book of the Tundra and begin reading...
 11905 | D:10     | You add the spells Hailstorm, Ice Form and Simulacrum to
                  | your library.
 12551 | D:11     | Noticed a manticore
 12558 | D:11     | Reached skill level 17 in Axes
 12688 | D:11     | Killed a manticore
 12776 | D:11     | Found a staircase to the Lair.
 12822 | D:11     | Found a staircase to the Orcish Mines.
 12831 | D:11     | Reached ***** piety under Qazlal
 12832 | D:11     | Reached skill level 18 in Axes
 12851 | D:11     | You pick up a book of Dreams and begin reading...
 12851 | D:11     | You add the spells Ensorcelled Hibernation, Spider Form and
                  | Anguish to your library.
 13296 | D:11     | Noticed a two-headed ogre
 13297 | D:11     | Noticed a minotaur
 13301 | D:11     | Noticed hackum's ghost (journeyman OpGl)
 13301 | D:11     | Noticed a cyclops
 13307 | D:11     | Noticed a boulder beetle
 13383 | D:11     | Found a runed translucent gate.
 13383 | D:11     | Found a runed translucent gate.
 13383 | D:11     | Found a runed translucent gate.
 13418 | Lair:1   | Entered Level 1 of the Lair of Beasts
 13418 | Lair:1   | Noticed a lindwurm
 13418 | Lair:1   | Found a transporter.
 13421 | Lair:1   | Noticed Nergalle
 13428 | D:11     | Killed a lindwurm
 13429 | D:11     | Reached skill level 19 in Axes
 13672 | Lair:1   | Killed Nergalle
 13710 | Lair:1   | Noticed kae's ghost (journeyman HOFi)
 13723 | Lair:1   | Reached skill level 20 in Axes
 13727 | Lair:1   | Reached skill level 1 in Dodging
 13736 | Lair:1   | Reached skill level 2 in Dodging
 13830 | Lair:1   | Reached skill level 3 in Dodging
 13833 | Lair:1   | Reached XP level 12. HP: 86/106 MP: 16/16
 13969 | Lair:1   | Found a transporter.
 14141 | Lair:1   | Reached skill level 4 in Dodging
 14261 | Lair:1   | Reached skill level 5 in Dodging
 14348 | Lair:1   | Reached skill level 6 in Dodging
 14533 | Lair:1   | Identified a potion of experience
 14534 | Lair:1   | Reached skill level 12 in Invocations
 14534 | Lair:1   | Reached XP level 13. HP: 113/113 MP: 16/22
 14715 | Lair:2   | Reached skill level 7 in Dodging
 14775 | Lair:2   | Found a staircase to the Shoals.
 14912 | Lair:2   | Found a runed translucent gate.
 14912 | Lair:2   | Found a runed translucent gate.
 14912 | Lair:2   | Found a runed translucent gate.
 14913 | Lair:2   | Noticed makewrite's ghost (journeyman HOMo)
 14963 | Lair:2   | Found a viscous altar of Jiyva.
 15399 | Lair:2   | Reached skill level 8 in Dodging
 15405 | Lair:2   | You pick up a book of Frost and begin reading...
 15405 | Lair:2   | You add the spells Freeze and Frozen Ramparts to your
                  | library.
 15741 | Lair:3   | Noticed Fannar
 16005 | Lair:3   | Killed Fannar
 16139 | Lair:3   | Noticed Snorg
 16155 | Lair:3   | Killed Snorg
 16156 | Lair:3   | Reached skill level 11 in Fighting
 16269 | Lair:3   | Reached skill level 12 in Armour
 16624 | Lair:3   | HP: 26/116 [16-headed hydra (9)]
 16624 | Lair:3   | HP: 12/116 [16-headed hydra (5)]
 16624 | Lair:3   | HP: 1/116 [16-headed hydra (11)]
 16624 | Lair:3   | Mangled by a 16-headed hydra

Vanquished Creatures
  Snorg (Lair:3)
  Fannar (Lair:3)
  Erica (D:8)
  3 death yaks (Lair:3)
  A fire crab (Lair:3)
  Nergalle (Lair:1)
  A lindwurm (D:11)
  A manticore (D:11)
  3 elephants (Lair:2)
  A merfolk siren (Lair:2)
  5 cane toads
  Joseph (D:9)
  A black mamba (Lair:1)
  2 rime drakes
  4 komodo dragons
  3 trolls
  A hornet (D:9)
  4 dream sheep (Lair:2)
  8 blink frogs (Lair:1)
  2 wraiths
  Sigmund (D:2)
  24 yaks
  A wyvern (Lair:3)
  3 steam dragons
  3 wargs
  2 acid dragons
  6 water moccasins
  A swamp drake (D:11)
  8 orc warriors
  4 centaurs (D:11)
  14 wolves
  13 kobold brigands
  Blork the orc (D:5)
  9 bullfrogs
  A gnoll sergeant (D:7)
  2 scorpions
  8 wights
  2 jellies
  4 killer bees (D:8)
  A howler monkey (D:5)
  A hound (D:5)
  Crazy Yiuf (D:5)
  2 gnoll boudas
  11 orc priests
  6 iguanas
  4 sleepcaps
  Terence (D:2)
  17 orc wizards
  21 gnolls
  5 river rats (Sewer)
  16 adders
  A white imp (D:7)
  2 ufetubi (D:7)
  5 worms
  4 dart slugs
  42 orcs
  11 ball pythons
  6 endoplasms
  3 giant cockroaches
  6 goblins
  6 hobgoblins
  3 jackals (D:1)
  75 kobolds
  3 quokkas
  3 bats
  5 frilled lizards
  25 rats
438 creatures vanquished.

Vanquished Creatures (others)
  A death yak (Lair:3)
  A rime drake (Lair:3)
  An orc (D:11)
  11 fungi
  7 plants
21 creatures vanquished.

Grand Total: 459 creatures vanquished

Table legend:
 A = Non-vault XP
 B = Vault XP
 C = Vault XP percentage of total XP
 D = Non-vault monster count
 E = Vault monster count
 F = Vault count percentage of total count
                 A         B        C        D         E       F
            +---------+---------+-------+---------+---------+-------
      Total |   28810 |    8643 |  23.1 |     293 |     147 |  33.4
            +---------+---------+-------+---------+---------+-------
        D:1 |      44 |       0 |   0.0 |      24 |       0 |   0.0
        D:2 |     107 |     262 |  71.0 |      23 |       2 |   8.0
        D:3 |      50 |       0 |   0.0 |       9 |       0 |   0.0
        D:4 |     150 |     588 |  79.7 |       9 |      51 |  85.0
        D:5 |     467 |     138 |  22.8 |      14 |       2 |  12.5
        D:6 |    1608 |       0 |   0.0 |      36 |       0 |   0.0
        D:7 |    1118 |       0 |   0.0 |      27 |       0 |   0.0
        D:8 |    1752 |     994 |  36.2 |      35 |       4 |  10.3
        D:9 |    1858 |     419 |  18.4 |      26 |       1 |   3.7
       D:10 |    1647 |     390 |  19.1 |      11 |       4 |  26.7
       D:11 |    2740 |     876 |  24.2 |      14 |      22 |  61.1
     Lair:1 |    6560 |     771 |  10.5 |      29 |       1 |   3.3
     Lair:2 |    4326 |    1539 |  26.2 |      19 |       6 |  24.0
     Lair:3 |    6383 |    2219 |  25.8 |      17 |       3 |  15.0
      Sewer |       0 |     447 | 100.0 |       0 |      51 | 100.0
            +---------+---------+-------+---------+---------+-------

Illustrated notes

Table legend:
 A = Kills in this place as a percentage of kills in the entire game.
 B = Kills by you in this place as a percentage of kills by you in the entire game.
 C = Kills by friends in this place as a percentage of kills by friends in the entire game.
 D = Other kills in this place as a percentage of other kills in the entire game.
 E = Experience gained in this place as a percentage of experience gained in the entire game.
 F = Experience gained in this place divided by the number of levels of this place that you have seen.
                   A       B       C       D       E      F
               +-------+-------+-------+-------+-------+----------------------
         Total | 100.0 | 100.0 |   N/A | 100.0 | 100.0 | 2340.8
       Dungeon |  71.4 |  71.7 |   N/A |   0.0 |  40.6 | 1382.5
          Lair |  17.0 |  16.7 |   N/A | 100.0 |  58.2 | 7266.0
         Sewer |  11.6 |  11.6 |   N/A |   0.0 |   1.2 | 447.0
               +-------+-------+-------+-------+-------+----------------------

Table legend: (Time is in decaauts)
 A = Elapsed time spent in this place.
 B = Non-inter-level travel time spent in this place.
 C = Inter-level travel time spent in this place.
 D = Time resting spent in this place.
 E = Time spent auto-exploring this place.
 F = Levels seen in this place.
 G = Mean time per level.
                   A        B        C        D        E       F      G
               +--------+--------+--------+--------+--------+-----+--------+
         Total |  16529 |  16025 |    504 |   1317 |  12439 |  16 | 1033.1 |
       Dungeon |  12858 |  12467 |    391 |   1265 |   9516 |  11 | 1168.9 |
        Temple |     26 |     14 |     12 |      0 |      0 |   1 |   26.0 |
          Lair |   2900 |   2800 |    100 |     52 |   2377 |   3 |  966.7 |
         Sewer |    744 |    744 |      0 |      0 |    545 |   1 |  744.0 |
               +--------+--------+--------+--------+--------+-----+--------+

Top non-repeatable levels by time:
     D:4: 1777 daAuts
     D:8: 1446 daAuts
     D:5: 1414 daAuts
     D:7: 1390 daAuts
  Lair:2: 1322 daAuts
     D:6: 1317 daAuts
     D:9: 1307 daAuts
    D:10: 1008 daAuts
    D:11: 982 daAuts
  Lair:1: 920 daAuts
     D:1: 767 daAuts
   Sewer: 744 daAuts
     D:2: 726 daAuts
     D:3: 719 daAuts
  Lair:3: 657 daAuts
